 Dungeon Crawl Stone Soup version 0.27-a0-512-g57cc695410 (webtiles) character file.

Game seed: 5146665200594487144

61 dickylongcocking the Sneak (level 3, -4/17 HPs)
             Began as a Felid Delver on Mar 3, 2021.
             Slain by a gnoll
             ... wielding a +0 spear
              (11 damage)
             ... on level 3 of the Dungeon.
             The game lasted 00:01:54 (3209 turns).

dickylongcocking the Sneak (Felid Delver)           Turns: 3209, Time: 00:01:55

Health: -4/17      AC:  1    Str: 14    XL:     3   Next: 83%
Magic:  4/4        EV: 18    Int: 11    God:
Gold:   179        SH:  0    Dex: 18    Spells: 2/2 levels left
                                        Lives:  0   Deaths: 1

rFire    . . .     SeeInvis +     - Unarmed
rCold    . . .     Faith    .   (shield unavailable)
rNeg     . . .     Spirit   .   (armour unavailable)
rPois    .         Reflect  .   (helmet unavailable)
rElec    .         Harm     .   (cloak unavailable)
rCorr    .         Rampage  .   (gloves unavailable)
Will     .....                  (boots unavailable)
Stlth    ++++......             j - amulet of magic regeneration
HPRegen  0.05/turn              k - +6 ring of strength
MPRegen  0.34/turn              (no ring)

@: quick
A: very small, claws 1, fangs 3, see invisible, speed 1, shaggy fur 1, stealthy
paws, no weapons or thrown items, no armour, multi-lived
a: no special abilities


You were on level 3 of the Dungeon.
You visited 1 branch of the dungeon, and saw 5 of its levels.

You collected 179 gold pieces.

Inventory:

Jewellery
 i - a ring of fire
 j - an amulet of magic regeneration (around neck)
 k - a +6 ring of strength (left paw)
Wands
 e - a wand of digging (2)
Scrolls
 a - a scroll of fog
 b - a scroll of amnesia {unknown}
 c - a scroll of fear
 g - 2 scrolls of enchant armour {unknown}
 h - a scroll of teleportation {unknown}
Potions
 d - 2 potions of haste
 f - 2 potions of magic {unknown}
 n - a potion of brilliance {unknown}


   Skills:
 * Level 3.5 Fighting
 - Level 2.6 Dodging
 - Level 6.6 Stealth
 * Level 4.4 Unarmed Combat


You had 2 spell levels left.
You didn't know any spells.
Your spell library was empty.

Dungeon Overview and Level Annotations

Branches:
Dungeon (5/15)
 Temple: D:4-7

Altars:
Elyvilon
Nemelex Xobeh
The Shining One

Annotations:
D:3 Grinder
D:5 1 transporter


Innate Abilities, Weirdness & Mutations

You have sharp claws.
You have razor-sharp teeth.
You have supernaturally acute eyesight. (SInv)
You cover ground quickly.
You are covered in fur. (AC +1)
Your stealthy paws help you sneak and pounce on unaware monsters.
You are incapable of wielding weapons or throwing items.
You cannot wear armour.
You gain extra lives every three experience levels.


Message History

The gnoll completely misses you.
There is a stone staircase leading up here.
Unknown command.
The gnoll barely misses you.
You scratch the gnoll. You claw the gnoll, but do no damage.
The gnoll is lightly wounded.
The gnoll completely misses you.
You closely miss the gnoll.
The gnoll is lightly wounded.
The gnoll closely misses you.
You scratch the gnoll but do no damage.
The gnoll is lightly wounded.
You barely miss the gnoll.
The gnoll is lightly wounded.
The gnoll closely misses you.
You claw the gnoll! Your bite misses the gnoll.
The gnoll is severely wounded.
The gnoll hits you with a +0 halberd.
You claw the gnoll!
You kill the gnoll!
There is a stone staircase leading up here.
You climb upwards.
There is a stone staircase leading down here.
You start resting.
HP restored.
You start waiting.
Done waiting.
You climb downwards.
Level annotation: Grinder The gnoll closely misses you.
The gnoll hits you with a +0 whip! The gnoll misses you.
There is a stone staircase leading up, spattered with blood here.
You claw the gnoll! You bite the gnoll.
The gnoll is severely wounded.
The gnoll hits you with a +0 spear.
You barely miss the gnoll.
The gnoll is severely wounded.
The gnoll misses you. The gnoll hits you with a +0 spear!
Ouch! That really hurt!
You die...

#.# *.# #.# *,* #.# *,*
#.# *,**** #.# *,,,,,
##*
######.########***,,***
#_#*
##..............,,,,,*
###.##
#.......g.#####*****,*
..##.# #).####@#.# *,*
.#.#.# #..# #g#(# *,*
.##.######..# #.#.#
*,*** #.####......#
#.#.# *,,,,
.#.#######.#####.#.#
*****
.##..#...........#.#
..##.#####.###.#.#.#
##.*##* #.# #.#)#.#
*.#*,* #.###.#.#.#
****#*


You could see 2 gnolls.

Vanquished Creatures
  2 gnolls (D:3)
  2 adders (D:2)
  2 oozes
  3 worms
  2 dart slugs
  A leopard gecko (D:2)
  3 bats
  5 giant cockroaches
  4 goblins
  8 hobgoblins
  2 kobolds
  2 ball pythons
  4 frilled lizards
  5 rats
45 creatures vanquished.

Notes
Turn   | Place    | Note
-------+----------+-------------------------------------------
     0 | D:5      | dickylongcocking the Felid Delver began the quest for the
                  | Orb.
     0 | D:5      | Reached XP level 1. HP: 10/10 MP: 2/2
     3 | D:5      | Found a transporter.
     4 | D:5      | Noticed an electric eel
    42 | D:3      | Found a white marble altar of Elyvilon.
   282 | D:2      | Reached XP level 2. HP: 14/14 MP: 3/3
   562 | D:2      | Reached XP level 3. HP: 17/17 MP: 4/4
  1295 | D:1      | Reached XP level 4. HP: 4/21 MP: 5/5
  1810 | D:1      | Found a sparkling altar of Nemelex Xobeh.
  1877 | D:1      | You fall into a shaft and drop 1 floor!
  2479 | D:3      | Noticed Grinder
  2502 | D:3      | Slain by Grinder
  2503 | D:3      | Reached XP level 3. HP: 0/17 MP: 4/4
  2570 | D:3      | Found a glowing golden altar of the Shining One.
  3209 | D:3      | Slain by a gnoll

Illustrated notes

Levels and vault maps discovered:
D:1:      scummos_arrival_checkerplants, layout_basic, serial_curves,
          eino_curves_04, eino_curves_03, nemelex_diamond_rough_becter
D:2:      layout_basic
D:3:      layout_loops_ring, marbit_many_paths, tso_altar,
          uniq_crazy_yiuf_cottage, uniq_grinder
D:4:      layout_loops_ring, minmay_overflow_temple_hex, uniq_edmund, uniq_purgy
D:5:      gammafunk_steamed_eel, layout_gridville, kennysheep_mini,
          serial_shops, nicolae_shop_overgrown_old_shop

Skill      XL: |  1  2  3 |
---------------+----------+-----
Unarmed Combat | 3 4 |  4.4
Fighting       | |  3.5
Dodging        | |  2.6
Stealth        | |  6.6

Action                   |  1- 3 |  4- 6 || total
-------------------------+-------+-------++-------
Melee: Unarmed           |    78 |    16 ||    94
       Bite              |     5 |       ||     5
       Punch             |     1 |     1 ||     2
Evoke: Wand              |     1 |       ||     1
  Use: Scroll            |     1 |       ||     1
       Potion            |       |     2 ||     2
 Stab: Sleeping          |    16 |     4 ||    20
Armor: Skin              |     2 |     1 ||     3
Dodge: Dodged            |    47 |    11 ||    58

Table legend: (Time is in decaauts)
 A = Elapsed time spent in this place.
 B = Non-inter-level travel time spent in this place.
 C = Inter-level travel time spent in this place.
 D = Time resting spent in this place.
 E = Time spent auto-exploring this place.
 F = Levels seen in this place.
 G = Mean time per level.
                   A        B        C        D        E       F      G
               +--------+--------+--------+--------+--------+-----+--------+
         Total |   2804 |   2698 |    106 |    812 |   1540 |   5 |  560.8 |
       Dungeon |   2804 |   2698 |    106 |    812 |   1540 |   5 |  560.8 |
               +--------+--------+--------+--------+--------+-----+--------+

Top non-repeatable levels by time:
     D:2: 1479 daAuts
     D:1: 1043 daAuts
     D:3: 261 daAuts
     D:5: 15 daAuts
     D:4: 4 daAuts
